 Dungeon Crawl Stone Soup version 0.22.0-21-g8bd1b0a (console) character file.

37 removed the Conjurer (level 3, -2/21 HPs)
             Began as a Halfling Conjurer on Aug 19, 2018.
             Killed from afar by an orc wizard (10 damage)
             ... with a puff of flame
             ... on level 2 of the Dungeon.
             The game lasted 00:03:05 (1381 turns).

removed the Conjurer (Halfling Conjurer)            Turns: 1381, Time: 00:03:06

Health: -2/21      AC:  3    Str:  9    XL:     3   Next: 62%
Magic:  1/5        EV: 15    Int: 14    God:
Gold:   80         SH:  0    Dex: 14    Spells: 1/5 levels left

rFire    . . .     SeeInvis .   j - +0 dagger
rCold    . . .     Gourm    .   (shield restricted)
rNeg     . . .     Faith    .   a - +0 robe
rPois    .         Spirit   .   l - +0 helmet
rElec    .         Reflect  .   (no cloak)
rCorr    .         Harm     .   (no gloves)
MR       .....                  (no boots)
Stlth    ++........             (no amulet)
HPRegen  0.07/turn              (no ring)
MPRegen  0.09/turn              (no ring)

@: lethally poisoned (-2 -> -4), very slightly contaminated
A: small, mutation resistance 1
a: no special abilities


You were on level 2 of the Dungeon.
You were not hungry.

You visited 1 branch of the dungeon, and saw 2 of its levels.

You collected 80 gold pieces.

Inventory:

Hand Weapons
 j - a +0 dagger (weapon)
Armour
 a - a +0 robe (worn)
 l - a +0 helmet (worn)
Jewellery
 h - an uncursed ring of ice
Scrolls
 f - 2 scrolls of remove curse {unknown}
 i - 3 scrolls of identify {unknown}
 n - a scroll of random uselessness {unknown}
Potions
 e - 6 potions of curing
 g - a potion of agility {unknown}
Comestibles
 c - 2 rations
 m - 4 chunks of flesh


   Skills:
 - Level 2.1 Dodging
 - Level 2.1 Stealth
 + Level 1.9 Spellcasting
 - Level 4.0 Conjurations


You had one spell level left.
You knew the following spells:

 Your Spells              Type           Power        Failure   Level  Hunger
a - Magic Dart            Conj           ##..         4%          1    ##.....
b - Dazzling Spray        Conj/Hex       #.....       30%         3    ####...

Your spell library contained the following spells:

 Spells                   Type           Power        Failure   Level  Hunger
 Searing Ray              Conj           ##....       7%          2    ###....
 Iskenderun's Mystic Bla  Conj           ##......     41%         4    #####..
 Force Lance              Conj/Tloc      #.......     71%         4    #####..
 Fulminant Prism          Conj/Hex       #.........   71%         4    #####..


Dungeon Overview and Level Annotations

Branches:
Dungeon (2/15)

Altars:
Gozag


Innate Abilities, Weirdness & Mutations

You are small and have problems with some larger weapons.
You are somewhat resistant to further mutation.


Message History

The orc wizard flickers and vanishes!
Deactivating autopickup; reactivate with Ctrl-A.
The adder misses you.
You hit the adder.
The adder is almost dead.
You feel sick. The adder misses you.
Unknown command.
You miss the adder.
The adder is almost dead.
The adder bites you.
You hit the adder.
You kill the adder!
The jackal pauses to sniff the ground.
You barely miss something. Something hits you but does no damage.
You hit something.
You feel sick. Something hits you but does no damage.
You hit something.
You hear some strange, mumbled words.
A puff of flame appears from out of thin air!
The puff of flame hits you!
You die...

#.# #.# #...
.####..#######.# #.##
...............# #.#
.#.....#.###.### #g#
..............# #.#
.....#.#####...... #.##
##.###.#($?#........#.#
#.....#.r.#...###.###.
#.#..@#lKw#...# #. #
#...##(# ##.. #
#...#.#oh.# ... #$.##.#
oo.# #...#r# .#...
#.##.# ##...# #.#?#
#... ## #.. #.


You could see an orc priest, an orc wizard, an orc and a jackal.

Vanquished Creatures
  An adder (D:2)
  2 dart slugs (D:1)
  A ball python (D:2)
  2 bats (D:1)
  4 goblins
  5 hobgoblins
  A quokka (D:2)
  2 kobolds (D:1)
  6 rats
24 creatures vanquished.

Notes
Turn   | Place    | Note
-------+----------+-------------------------------------------
     0 | D:1      | removed the Halfling Conjurer began the quest for the Orb.
     0 | D:1      | Reached XP level 1. HP: 11/11 MP: 3/3
   390 | D:1      | Reached XP level 2. HP: 17/17 MP: 0/4
  1081 | D:2      | Reached skill level 4 in Conjurations
  1081 | D:2      | Reached XP level 3. HP: 21/21 MP: 2/5
  1189 | D:2      | Learned a level 3 spell: Dazzling Spray
  1329 | D:2      | Found an opulent altar of Gozag.
  1381 | D:2      | Killed from afar by an orc wizard

Skill      XL: |  1  2 |
---------------+-------+-----
Conjurations   | 4 |  4.0
Dodging        | |  2.1
Stealth        | |  2.1
Spellcasting   | |  1.9

Action                   || total
-------------------------++-------
Melee: Dagger            ||    31
 Cast: Magic Dart        ||    49
  Use: Potion            ||     1
  Eat: Chunk             ||     3
Armor: Robe              ||     7
Dodge: Dodged            ||    26
